 Dungeon Crawl Stone Soup version 0.31.0-9-g3a7656b989 (webtiles) character file.

Game seed: 13449901322566601131

2162 Sobieck the Ruffian (level 9, -6/79 HPs)
             Began as a Naga Shapeshifter on Jan 24, 2024.
             Was an Initiate of Cheibriados.
             Mangled by a troll (15 damage)
             ... on level 6 of the Dungeon.
             The game lasted 00:12:19 (5029 turns).

Sobieck the Ruffian (Naga Shapeshifter)             Turns: 5029, Time: 00:12:20

Health: -6/79      AC:  4    Str: 22    XL:     9   Next: 32%
Magic:  9/9        EV: 10    Int: 11    God:    Cheibriados [......]
Gold:   88         SH:  0    Dex: 12    Spells: 8/8 levels left

rFire   . .          .
                       - Unarmed
rCold   + . .        (no shield)
rNeg    . . .        m - +0 leather armour
rPois   +            (helmet currently unavailable)
rElec   .            (cloak currently unavailable)
rCorr   .            (gloves currently unavailable)
SInv    +            (no barding)
Will    +....        (no amulet)
Stlth   +++          c - ring of protection from cold
HPRegen 0.33/turn    (no ring)
MPRegen 0.11/turn

%: no passive effects
@: beast-form, very slow
A: beast (slay +2), AC +3, large, see invisible, deformed body, poison
resistance, slowness 2, spit poison 1, naga tail 1
a: Spit Poison, Begin Untransformation, Renounce Religion


You were on level 6 of the Dungeon.
You worshipped Cheibriados.
Cheibriados was noncommittal.
You were a hulking beast.
You visited 2 branches of the dungeon, and saw 7 of its levels.

You collected 270 gold pieces.
You spent 182 gold pieces at shops.

Inventory:

Missiles
 j - 53 stones
 k - 2 poisoned darts
 t - 4 boomerangs
 J - 6 atropa-tipped darts
Armour
 a - a +0 animal skin
 m - a +0 leather armour (worn)
 p - a +0 pair of gloves
 v - a +1 cloak
Magical Staves
 e - a staff of fire
 i - a staff of earth
Jewellery
 c - a ring of protection from cold (left hand)
 r - an amulet of regeneration
Talismans
 d - a flux talisman
 h - a beast talisman
Wands
 w - a wand of roots (8)
 V - a wand of flame (24)
Scrolls
 g - a scroll of enchant armour
 l - a scroll of fear
 n - a scroll of fog
 s - a scroll of enchant weapon {unknown}
 x - a scroll of brand weapon {unknown}
 R - 4 scrolls of identify
 T - 7 scrolls of teleportation
Potions
 b - a potion of brilliance
 f - a potion of lignification
 o - 2 potions of enlightenment
 q - a potion of ambrosia
 u - 2 potions of might
 Q - 4 potions of curing


   Skills:
 + Level 4.6 Fighting
 + Level 3.5 Armour
 + Level 4.1 Dodging
 - Level 6.0 Stealth
 * Level 7.2 Unarmed Combat
 + Level 5.1 Shapeshifting


You had 8 spell levels left.
You didn't know any spells.
Your spell library contained the following spells:

 Spells                   Type           Power      Damage    Failure   Level
 Shock                    Conj/Air       0%         1d3       38%         1
 Blink                    Tloc           0%         N/A       52%         2
 Lesser Beckoning         Tloc           0%         N/A       52%         2
 Momentum Strike          Conj/Tloc      0%         3d8       52%         2
 Dazzling Flash           Conj/Hex       0%         N/A       77%         3
 Swiftness                Air            0%         N/A       77%         3
 Volatile Blastmotes      Fire/Tloc      0%         2d10      77%         3
 Airstrike                Air            0%         2d(0-16)  99%         4
 Starburst                Conj/Fire      0%         6d3       100%        6
 Maxwell's Capacitive Co  Air            0%         ∞         100%        8


Dungeon Overview and Level Annotations

Branches:
Dungeon (6/15)             Temple (1/1) D:5

Altars:
Ashenzari
Cheibriados
Fedhas
Gozag
Hepliaklqana
Makhleb
Nemelex Xobeh
Okawaru
Qazlal
Ru
Sif Muna
Uskayaw
Vehumet
Wu Jian
Xom
Zin
The Shining One

Shops:
D:4 ?


Innate Abilities, Weirdness & Mutations

You are a hulking beast.
Your limbs bulge with bestial killing power. (Slay +2)
Your serpentine skin is tough. (AC +3)
You have supernaturally acute eyesight. (SInv)
Armour fits poorly on your strangely shaped body.
Your system is resistant to poisons. (rPois)
You cover ground very slowly.
You can spit poison.
You have a snake-like lower body.


Message History

Unknown command.
The splash of poison hits the troll but does no damage.
The troll shouts!
Unknown command.
Aiming: Paralyse
Press: ? - help, Shift-Dir - straight line, f/p - troll
Aim: a troll (chance to affect: 49%)
The troll resists with some effort.
Unknown command.
Aiming: Paralyse
Press: ? - help, Shift-Dir - straight line, f/p - troll
Aim: a troll (chance to affect: 49%)
The troll resists with some effort.
The now-empty wand crumbles to dust.
Aiming: Fastroot
Press: ? - help, Shift-Dir - straight line, f/p - troll
Aim: a troll The roots erupt in riotous growth!
Roots grab the troll.
The grasping roots constrict the troll.
You hear an angry hiss.
The troll struggles to escape constriction.
The grasping roots constrict the troll.
The roots release their grip on the troll.
The troll bites you! The troll claws you. The troll barely misses you. x2
The troll claws you! The troll claws you.
You punch the troll!
The troll is heavily wounded.
The troll closely misses you. The troll completely misses you.
The troll claws you!
Aiming: Fastroot
Press: ? - help, Shift-Dir - straight line, p - troll The roots erupt in riotous growth!
Roots grab the troll.
You have got your breath back.
The grasping roots constrict the troll!
You hear an angry hiss.
The troll bites you! The troll claws you. The troll claws you!
* * * LOW HITPOINT WARNING * * *
Unknown command.
You hit the troll.
The troll is severely wounded.
The grasping roots constrict the troll.
The roots release their grip on the troll.
The troll bites you but does no damage. The troll barely misses you.
The troll claws you.
* * * LOW HITPOINT WARNING * * *
You closely miss the troll.
The troll is severely wounded.
The troll bites you!
You die...

..............#..............
..........)..<#..............
..............##...##......##
..####...#######...##.....^##
#...##...##....?........
.........#.....#...........##
.........#.....#............#
.........#..T..#...########.#
....##...#..h..#...# ## ....
#...##...##...# ...
....##...##...# ..
....#.........# #.........#
#.........# ###########


You could see a troll.

Vanquished Creatures
  Pikel (D:5)
  Prince Ribbit (D:5)
  Grinder (D:5)
  Menkaure (D:5)
  A sky beast (D:6)
  5 ogres
  A phantom (D:5)
  Blork the orc (D:6)
  A scorpion (D:5)
  A hound (D:2)
  An orc priest (D:5)
  2 bombardier beetles
  3 iguanas
  Ijyb (D:3)
  A sleepcap (D:3)
  2 orc wizards (D:5)
  A gnoll (D:1)
  8 adders
  A shadow imp (D:5)
  2 dart slugs (D:3)
  2 ribbon worms (D:3)
  11 orcs
  3 endoplasms
  A giant cockroach (D:4)
  6 hobgoblins
  9 jackals
  3 quokkas
  10 ball pythons
  7 bats
  A frilled lizard (D:1)
  7 goblins
  5 kobolds
  6 rats (D:1)
107 creatures vanquished.

Notes
Turn   | Place    | Note
-------+----------+-------------------------------------------
     0 | D:1      | Sobieck the Naga Shapeshifter began the quest for the Orb.
     0 | D:1      | Reached XP level 1. HP: 18/18 MP: 1/1
   187 | D:1      | Reached XP level 2. HP: 17/25 MP: 2/2
   252 | D:1      | Reached skill level 1 in Stealth
   449 | D:1      | Reached XP level 3. HP: 28/31 MP: 3/3
   960 | D:2      | Reached XP level 4. HP: 31/38 MP: 4/4
  1182 | D:3      | Found a faded altar of an unknown god.
  1367 | D:3      | Noticed Ijyb
  1373 | D:3      | Paralysed by Ijyb for 5 turns
  1383 | D:3      | Killed Ijyb
  1384 | D:3      | Reached skill level 4 in Unarmed Combat
  1384 | D:3      | Reached XP level 5. HP: 45/45 MP: 5/5
  1726 | D:3      | Reached skill level 1 in Armour
  2128 | D:4      | Reached skill level 3 in Stealth
  2225 | D:4      | Found a sparkling altar of Nemelex Xobeh.
  2262 | D:4      | Reached XP level 6. HP: 38/52 MP: 6/6
  3039 | D:4      | Found Owuepiar's Magic Scroll Emporium.
  3045 | D:4      | Bought a scroll of teleportation for 42 gold pieces
  3045 | D:4      | Bought a scroll of teleportation for 42 gold pieces
  3045 | D:4      | Bought a scroll of identify for 28 gold pieces
  3045 | D:4      | Bought a scroll of identify for 28 gold pieces
  3045 | D:4      | Bought a scroll of teleportation for 42 gold pieces
  3432 | D:5      | Entered Level 5 of the Dungeon
  3436 | D:5      | Found a stormy altar of Qazlal.
  3452 | D:5      | Reached XP level 7. HP: 61/61 MP: 7/7
  3464 | D:5      | Reached skill level 5 in Unarmed Combat
  3815 | D:5      | Noticed Pikel
  3826 | D:5      | Noticed Menkaure
  3828 | D:5      | Noticed Grinder
  3833 | D:5      | Killed Pikel
  3834 | D:5      | Reached skill level 3 in Fighting
  3834 | D:5      | Reached skill level 3 in Dodging
  3834 | D:5      | Reached XP level 8. HP: 55/69 MP: 8/8
  4022 | D:5      | Noticed Prince Ribbit
  4029 | D:5      | Killed Prince Ribbit
  4030 | D:5      | Reached skill level 6 in Unarmed Combat
  4226 | D:5      | Killed Menkaure
  4227 | D:5      | Reached skill level 3 in Armour
  4227 | D:5      | Reached skill level 6 in Stealth
  4356 | D:5      | Found a staircase to the Ecumenical Temple.
  4362 | Temple   | Entered the Ecumenical Temple
  4370 | Temple   | Became a worshipper of Cheibriados the Contemplative
  4423 | D:5      | Killed Grinder
  4468 | D:5      | Reached XP level 9. HP: 78/78 MP: 9/9
  4659 | D:6      | Reached skill level 7 in Unarmed Combat
  4901 | D:6      | Noticed Blork the orc
  4909 | D:6      | Killed Blork the orc
  4959 | D:6      | Found a glowing golden altar of the Shining One.
  5018 | D:6      | Noticed a troll
  5029 | D:6      | Mangled by a troll

Illustrated notes

Levels and vault maps discovered:
D:1:      lemuel_arrival_rhombus, layout_loops_ring, minmay_pentomino_u2
D:2:      layout_rooms
D:3:      layout_basic, dreamdust_ecumenical_altar_grove, st_stairs_5,
          minivault_27, uniq_ijyb
D:4:      layout_basic, old_standard_altar, serial_shops,
          nicolae_shop_just_a_little_nook, kennysheep_opposing_triangles
D:5:      layout_basic, old_standard_altar, minmay_temple_entry_enclosed_plants,
          kennysheep_cross_room, uniq_grinder, uniq_prince_ribbit1,
          uniq_menkaure, uniq_pikel
D:6:      layout_gridville, lemuel_coloured_pillars_altar, uniq_jeremiah,
          uniq_eustachio, uniq_blork_the_orc
Temple:   nicolae_temple_two_arcs

Skill      XL: |  1  2  3  4  5  6  7  8  9 |
---------------+----------------------------+-----
Stealth        | 1 2 3 4 5 6 |  6.0
Dodging        | 2 3 4 |  4.1
Unarmed Combat | 4 5 6 7 |  7.2
Fighting       | 2 3 4 |  4.6
Armour         | 1 2 3 |  3.5
Shapeshifting  | 4 5 |  5.1

Action                     |  1- 3 |  4- 6 |  7- 9 || total
---------------------------+-------+-------+-------++-------
  Melee: Unarmed           |    44 |   165 |   103 ||   312
         Punch             |       |     7 |     2 ||     9
Ability: Spit Poison       |    20 |    28 |     9 ||    57
  Evoke: Wand              |       |     2 |    11 ||    13
    Use: Potion            |       |     1 |     1 ||     2
         Scroll            |       |    12 |     3 ||    15
   Stab: Paralysed         |       |     5 |    22 ||    27
         Sleeping          |       |       |     1 ||     1
 Armour: Animal skin       |    13 |       |       ||    13
         Leather armour    |    18 |   108 |    58 ||   184
         Skin              |       |     3 |       ||     3
  Dodge: Dodged            |    28 |    67 |    32 ||   127
